 Dungeon Crawl Stone Soup version 0.15.2 (webtiles) character file.

5260 bullock the Conjurer (level 10, -15/50 HPs)
             Began as a Gargoyle Wizard on Nov 19, 2014.
             Was a High Priest of Vehumet.
             Demolished by a hill giant
             ... wielding a +0 giant club
              (16 damage)
             ... on Level 10 of the Dungeon.
             The game lasted 00:45:57 (13229 turns).

bullock the Conjurer (Gargoyle Wizard)             Turns: 13229, Time: 00:45:57

HP -15/50        AC 13     Str 11      XL: 10   Next: 62%
MP   1/26        EV 10     Int 22      God: Vehumet [*****.]
Gold 718         SH  0     Dex  8      Spells:  7 memorised,  3 levels left

rFire  . . .     SeeInvis .     E - +2 whip (freeze)
rCold  + . .     Clarity  .     G - +2 leather armour {rC+}
rNeg   + . .     rCorr    .     (no shield)
rPois  +         rRot     +     j - +0 helmet (curse)
rElec  +         Spirit   .     (no cloak)
SustAb .         Warding  .     (no gloves)
rMut   .         Stasis   .     (no boots)
Gourm  .                        O - amulet of faith
MR     +....                    (no ring)
                                f - cursed ring of protection from magic

@: somewhat resistant to hostile enchantments, very unstealthy
A: negative energy resistance 1, electricity resistance, unbreathing,
petrification resistance, rot immunity, AC +7
a: Renounce Religion


You were on level 10 of the Dungeon.
You worshipped Vehumet.
Vehumet was extremely pleased with you.
You were very hungry.

You visited 2 branches of the dungeon, and saw 11 of its levels.
You also visited: Ossuary.

You collected 718 gold pieces.

Inventory:

Hand weapons
 E - a +2 whip of freezing (weapon)
 H - a +3 long sword
 P - a +1 war axe
Armour
 j - a cursed +0 helmet (worn)
 G - a +2 leather armour of cold resistance (worn)
Magical devices
 q - a wand of polymorph (10)
 K - a wand of confusion (2)
 L - a wand of digging (9)
 R - a wand of digging (11)
 S - a wand of enslavement (8)
Comestibles
 d - 7 bread rations
 l - 5 meat rations
 V - 5 beef jerkies
 W - 3 fruits
Scrolls
 e - 2 scrolls of amnesia {unknown}
 g - a scroll of torment {unknown}
 k - 3 scrolls of random uselessness {unknown}
 m - 9 scrolls of remove curse
 t - a scroll of fog {unknown}
 u - 2 scrolls of magic mapping
 w - 2 scrolls of enchant weapon {unknown}
 x - 2 scrolls of vulnerability {unknown}
 y - 2 scrolls of blinking {unknown}
 A - 2 scrolls of recharging
 B - 6 scrolls of teleportation {unknown}
 J - 2 scrolls of fear {unknown}
 Q - a scroll of acquirement {unknown}
 U - a scroll of enchant armour {unknown}
Jewellery
 b - an uncursed amulet of rage
 f - a cursed ring of protection from magic (left hand)
 O - an amulet of faith (around neck)
Potions
 a - 7 potions of curing
 h - 4 potions of brilliance
 n - 2 potions of lignification {unknown}
 o - a potion of heal wounds {unknown}
 p - a potion of resistance
 r - 2 potions of cancellation {unknown}
 s - 3 potions of restore abilities {unknown}
 v - 3 potions of haste
 C - a potion of mutation
 D - 4 potions of might {unknown}
 F - 2 potions of invisibility
 I - 2 potions of agility {unknown}
 M - a potion of berserk rage {unknown}
Books
 c - a book of Minor Magic

   Spells                             Type                      Level
   *Magic Dart                        Conjuration                  1
   *Blink                             Translocation                2
   Call Imp                           Summoning                    2
   *Repel Missiles                    Charms/Air                   2
   Slow                               Hexes                        2
   *Conjure Flame                     Conjuration/Fire             3
   *Mephitic Cloud                    Conjuration/Poison/Air       3
 z - a book of the Sky

   Spells                             Type                      Level
   Flight                             Charms/Air                   3
   Airstrike                          Air                          4
   Silence                            Hexes/Air                    5
   Deflect Missiles                   Charms/Air                   6
   Conjure Ball Lightning             Conjuration/Air              6
   Tornado                            Air                          9
 N - a Grand Grimoire {highlevel}

   This book is beyond your current level of understanding.

   Spells                             Type                      Level
   Aura of Abjuration                 Summoning                    6
   Forceful Dismissal                 Summoning                    6
   Summon Greater Demon               Summoning                    7
   Malign Gateway                     Summoning/Translocation      7
   Summon Horrible Things             Summoning                    8
 T - a book of Cantrips

   Spells                             Type                      Level
   Corona                             Hexes                        1
   Animate Skeleton                   Necromancy                   1
   Summon Small Mammal                Summoning                    1
   Apportation                        Translocation                1
Rods
 i - a -1 rod of clouds (14/14)
   (You found it on level 5 of the Dungeon)


   Skills:
 - Level 1.5 Dodging
 - Level 2.1 Stealth
 + Level 7.9 Spellcasting
 + Level 10.2 Conjurations
   Level 0.8 Summonings
 - Level 8.0 Translocations
 * Level 3.3 Fire Magic


You had 3 spell levels left.
You knew the following spells:

 Your Spells              Type           Power        Failure   Level  Hunger
a - Magic Dart            Conj           ####         1%          1    None
e - Fireball              Conj/Fire      #####.....   4%          5    ####...
f - Conjure Flame         Conj/Fire      #####...     1%          3    None
q - Blink                 Tloc           N/A          1%          2    None
r - Mephitic Cloud        Conj/Pois/Air  ###.....     2%          3    None
v - Repel Missiles        Chrm/Air       #.....       14%         2    None
w - Iskenderun's Battles  Conj/Chrm      ####....     8%          5    ####...


Dungeon Overview and Level Annotations

Branches:
Dungeon (10/15)            Temple (1/1) D:4             Orc (0/4) D:10
   Lair (0/8) D:8

Altars:
Ashenzari
Cheibriados
Dithmenos
Elyvilon
Fedhas
Kikubaaqudgha
Makhleb
Nemelex Xobeh
Okawaru
Qazlal
Sif Muna
Trog
Vehumet
Xom
Yredelemnul
Zin
The Shining One
Jiyva

Shops:
D:6 }   D:10 ([


Innate Abilities, Weirdness & Mutations

You are resistant to torment.
You are immune to poison.
Your stone body is very resilient (AC +7).
You resist negative energy.
You are resistant to electric shocks.
You can survive without breathing.
You are immune to petrification.
You are immune to rotting.


Message History

You hit the hill giant. You freeze the hill giant.
The hill giant is severely wounded.
The hill giant hits you with a giant club!!
You barely miss the hill giant.
The hill giant is severely wounded.
The hill giant hits you but does no damage.
You barely miss the hill giant.
The hill giant is severely wounded.
You hit the hill giant. You freeze the hill giant.
The hill giant is almost dead.
The hill giant hits you with a giant club!!
Ouch! That really hurt!
* * * LOW HITPOINT WARNING * * *
Evoke which item? (* to show all) (? for menu, Esc to quit)
Zapping:
S - a wand of enslavement {zapped: 1}
Press: ? - help, Shift-Dir - straight line, f/p - hill giant
Aim: a hill giant, wielding a giant club (almost dead)
The hill giant easily resists.
The hill giant hits you with a giant club!
You die...

## . ### #.
..#
.#.##.##.#
#........#
# #..#
#.#..#
###.#..###
+##
#......C@#
..##
#.###.##.#
...## .
#....#
....## #..
#.#..##
...).#
#.....#...#
.....+
...#####.#
.....#
#.....#...#
....# ##.
#.#.###
...## #
#...#


You could see a hill giant.

Vanquished Creatures
  Sonja (D:10)
  The ghost of blami the Bolt Thrower, an average MiHu (D:5)
  2 trolls
  Prince Ribbit (D:4)
  Eustachio (D:6)
  A hungry ghost (D:7)
  A hippogriff (D:10)
  4 wolves (D:8)
  A sky beast (D:7)
  A water moccasin (D:7)
  2 orc warriors
  3 ogres
  3 phantoms
  A big kobold (D:7)
  4 centaurs
  4 giant frogs
  6 wights
  9 hounds
  2 electric eels (D:8)
  5 centaur zombies (Ossuary)
  3 human zombies
  4 iguanas
  A jelly (D:8)
  3 orc priests
  6 orc wizards
  7 worker ants
  2 sky beast zombies
  A big kobold zombie (Ossuary)
  Ijyb (D:2)
  Jessica (D:2)
  2 mummies (Ossuary)
  4 gnolls
  A worker ant zombie (D:6)
  8 adders
  3 shadow imps
  A steam dragon skeleton (D:3)
  4 worms
  A giant mite (D:9)
  2 green rats (D:6)
  An inept item mimic (D:3)
  An adder zombie (Ossuary)
  3 adder skeletons
  9 giant geckos
  3 oozes
  30 orcs
  A ball python (D:3)
  3 giant cockroaches (D:2)
  19 hobgoblins
  4 jackals
  28 kobolds
  7 quokkas
  18 bats
  3 giant newts
  A giant newt skeleton (D:4)
  10 goblins
  A goblin zombie (Ossuary)
  A hobgoblin skeleton (D:5)
  12 hobgoblin zombies (Ossuary)
  A jackal skeleton (D:5)
  A jackal zombie (D:7)
  7 kobold zombies (Ossuary)
  2 orc skeletons
  8 orc zombies (Ossuary)
  15 rats
  A rat skeleton (D:7)
298 creatures vanquished.

Vanquished Creatures (others)
  An ogre (D:9)
1 creature vanquished.

Grand Total: 299 creatures vanquished

Notes
Turn   | Place    | Note
--------------------------------------------------------------
     0 | D:1      | bullock, the Gargoyle Wizard, began the quest for the Orb.
     0 | D:1      | Reached XP level 1. HP: 10/10 MP: 4/4
   494 | D:1      | Reached XP level 2. HP: 15/15 MP: 4/6
   567 | D:1      | Learned a level 2 spell: Blink
   570 | D:1      | Learned a level 2 spell: Repel Missiles
   948 | D:1      | Noticed a jelly
   998 | D:1      | Found a viscous altar of Jiyva.
   998 | D:1      | Noticed a jelly
   998 | D:1      | Noticed a jelly
   999 | D:1      | Noticed a jelly
  1003 | D:1      | Noticed a jelly
  1003 | D:1      | Noticed a jelly
  1003 | D:1      | Noticed a jelly
  1003 | D:1      | Noticed a jelly
  1003 | D:1      | Noticed a jelly
  1428 | D:2      | Noticed Sigmund
  1610 | D:2      | Reached XP level 3. HP: 19/19 MP: 2/8
  1633 | D:2      | Learned a level 3 spell: Conjure Flame
  1894 | D:2      | Noticed Ijyb
  1959 | D:2      | Killed Ijyb
  1959 | D:2      | Reached XP level 4. HP: 21/24 MP: 0/10
  2055 | D:2      | Noticed an air elemental
  2056 | D:2      | Found a stormy altar of Qazlal.
  2058 | D:2      | Noticed a fire elemental
  2188 | D:2      | Noticed Jessica
  2193 | D:2      | Killed Jessica
  2250 | D:2      | Reached skill level 4 in Conjurations
  2500 | D:2      | Noticed a water elemental
  2500 | D:2      | Noticed an earth elemental
  2590 | D:2      | Noticed Sigmund
  2608 | D:2      | Killed Sigmund the giant frog
  2608 | D:2      | Reached XP level 5. HP: 28/28 MP: 0/12
  3090 | D:3      | Found a radiant altar of Vehumet.
  3127 | D:3      | Reached skill level 5 in Conjurations
  3139 | D:3      | Became a worshipper of Vehumet
  3363 | D:3      | Found a glowing silver altar of Zin.
  3363 | D:3      | Found a burning altar of Makhleb.
  3364 | D:3      | Noticed an Executioner
  3364 | D:3      | Noticed an angel
  3826 | D:3      | Reached XP level 6. HP: 32/32 MP: 12/15
  3831 | D:3      | Learned a level 3 spell: Mephitic Cloud
  4139 | D:4      | Noticed Prince Ribbit
  4148 | D:4      | Killed Prince Ribbit
  4148 | D:4      | Reached skill level 6 in Conjurations
  4148 | D:4      | Reached XP level 7. HP: 12/36 MP: 7/18
  4363 | D:4      | Acquired Vehumet's first power
  4363 | D:4      | Offered knowledge of Sting by Vehumet.
  4658 | D:4      | Reached skill level 7 in Conjurations
  4699 | D:4      | Found a staircase to the Ecumenical Temple.
  4720 | Temple   | Entered the Ecumenical Temple
  4932 | D:4      | Reached skill level 5 in Spellcasting
  4953 | D:4      | Reached skill level 1 in Translocations
  5159 | D:5      | Entered Level 5 of the Dungeon
  5180 | D:5      | Noticed blami's ghost (average MiHu)
  5190 | D:5      | Killed blami's ghost
  5190 | D:5      | Reached XP level 8. HP: 30/41 MP: 13/20
  5299 | D:5      | Found a bloodstained altar of Trog.
  5415 | D:5      | Found a glowing golden altar of the Shining One.
  5752 | D:5      | Identified a -1 rod of clouds (14/14) (You found it on level 5 of the Dungeon)
  6134 | D:5      | Got a jewelled leather armour
  6145 | D:5      | Identified the -2 leather armour of Achi Raa {Dex+3 Slay+3 Stlth++} (You found it on level 5 of the Dungeon)
  6212 | D:5      | Offered knowledge of Freeze by Vehumet.
  6410 | D:6      | Found a blossoming altar of Fedhas.
  6836 | D:6      | Found Grear's Gadget Shoppe.
  6844 | D:6      | Noticed Eustachio
  6888 | D:6      | Killed Eustachio
  7029 | D:6      | Reached skill level 8 in Conjurations
  7262 | D:6      | Found an iron altar of Okawaru.
  7630 | D:7      | Reached skill level 5 in Translocations
  7630 | D:7      | Reached XP level 9. HP: 34/45 MP: 23/23
  7710 | D:7      | Found an ancient bone altar of Kikubaaqudgha.
  7876 | D:7      | Offered knowledge of Throw Flame by Vehumet.
  7887 | D:7      | Found a sand-covered staircase.
  7902 | Ossuary  | Entered an ossuary
  8011 | Ossuary  | Acquired Vehumet's second power
  8239 | Ossuary  | Offered knowledge of Throw Icicle by Vehumet.
  8746 | D:7      | Reached skill level 9 in Conjurations
  9038 | D:7      | Acquired Vehumet's third power
  9127 | D:7      | Found a white marble altar of Elyvilon.
  9156 | D:7      | Offered knowledge of Fireball by Vehumet.
 10025 | D:8      | Found a basalt altar of Yredelemnul.
 10138 | D:8      | Reached XP level 10. HP: 26/50 MP: 11/25
 10571 | D:8      | Learned a level 5 spell: Fireball
 10889 | D:8      | Found a staircase to the Lair.
 11152 | D:8      | Reached skill level 1 in Fire Magic
 11865 | D:9      | Offered knowledge of Iskenderun's Battlesphere by Vehumet.
 11872 | D:9      | Learned a level 5 spell: Iskenderun's Battlesphere
 12084 | D:9      | Found a deep blue altar of Sif Muna.
 12265 | D:10     | Entered Level 10 of the Dungeon
 12265 | D:10     | Found a snail-covered altar of Cheibriados.
 12558 | D:10     | Reached skill level 10 in Conjurations
 12716 | D:10     | Found Anierph's Armour Shoppe.
 12716 | D:10     | Found a staircase to the Orcish Mines.
 12730 | D:10     | Found Gacohaut's Weapon Shoppe.
 12856 | D:10     | Noticed Sonja
 12861 | D:10     | Killed Sonja
 13185 | D:10     | Noticed a hill giant
 13228 | D:10     | HP: 1/50 [hill giant/giant club (30)]
 13229 | D:10     | Demolished by a hill giant

Action                   |  1- 3 |  4- 6 |  7- 9 | 10-12 || total
-------------------------+-------+-------+-------+-------++-------
Melee: Dagger            |    51 |    14 |    30 |       ||    95
       Unarmed           |     4 |       |       |       ||     4
       Whip              |       |       |   260 |    84 ||   344
       Rod               |       |       |     1 |       ||     1
 Cast: Magic Dart        |    92 |   121 |   304 |   101 ||   618
       Repel Missiles    |     1 |     1 |     7 |     1 ||    10
       Conjure Flame     |       |     3 |    34 |     4 ||    41
       Mephitic Cloud    |       |       |    19 |     4 ||    23
       Blink             |       |       |    21 |     7 ||    28
       Fireball          |       |       |       |    16 ||    16
       Iskenderun's Batt |       |       |       |     6 ||     6
Evoke: Wand              |       |     1 |       |     6 ||     7
       Rod               |       |       |     2 |       ||     2
  Use: Scroll            |       |       |     9 |     2 ||    11
 Stab: Sleeping          |       |       |     2 |     2 ||     4
       Confused          |       |       |     2 |       ||     2
  Eat: Chunk             |     3 |     7 |    19 |     9 ||    38
       Pizza             |       |       |     1 |     2 ||     3
       Royal jelly       |       |       |     1 |       ||     1
       Beef jerky        |       |       |       |     1 ||     1
